Map: Submarino LE

Players

Darkness - Winner!

  • Race: Protoss Protoss
  • League: Master
  • Spawn Location: 11:00

TheZergLord

  • Race: Zerg Zerg
  • Spawn Location: 5:00

Event: DreamHack SC2 Masters 2020 Winter

VOD

Have the link to the VOD?

Description

Time

  • Played on: Oct. 16, 2020, 7:22 p.m.
  • Length: 12:57

All games in this series

Show
View Real Time Build Order
Export as new Build Order

Darkness Protoss - Winner!

Build Orders: 1 Gate Expand, Phoenix Opening 

Get SALT Encoding   

  12  0:00  Probe  
  13  0:12  Probe  
  14  0:18  Pylon  
  14  0:24  Probe (Chrono Boost)  
  15  0:37  Probe (Chrono Boost)  
  15  0:39  Gateway  
  16  0:45  Probe (Chrono Boost)  
  16  0:47  Assimilator  
  17  0:51  Probe  
  18  1:03  Probe  
  19  1:23  Probe  
  20  1:27  Cybernetics Core  
  20  1:34  Nexus  
  20  1:37  Probe  
  21  1:46  Pylon  
  21  1:54  Gateway  
  21  1:57  Probe  
  21  2:01  Adept (Chrono Boost)  
  22  2:06  Warp Gate  
  24  2:11  Assimilator  
  24  2:14  Probe  
  25  2:26  Probe  
  25  2:27  Stalker (Chrono Boost)  
  27  2:39  Probe  
  27  2:42  Stalker (Chrono Boost)  
  30  2:44  Shield Battery  
  30  2:47  Probe  
  31  2:52  Probe  
  31  2:55  Sentry (Chrono Boost)  
  34  2:59  Probe  
  34  3:04  Probe  
  36  3:07  Stalker (Chrono Boost)  
  36  3:12  Probe  
  39  3:16  Probe  
  39  3:18  Stalker  
  42  3:24  Phoenix  
  42  3:28  Probe x2  
  42  3:31  Pylon  
  44  3:40  Probe  
  44  3:41  Probe  
  46  3:42  Stargate  
  46  3:53  Probe x2  
  48  3:58  Pylon  
  48  4:04  Adept x2  
  48  4:05  Probe x2  
  48  4:07  Pylon  
  54  4:17  Probe x2  
  56  4:24  Oracle (Chrono Boost)  
  56  4:25  Assimilator, Probe  
  56  4:26  Assimilator  
  56  4:30  Probe  
  61  4:33  Probe  
  62  4:42  Probe  
  62  4:44  Probe  
  64  4:46  Nexus  
  64  4:48  Pylon  
  64  4:51  Oracle (Chrono Boost)  
  64  4:55  Probe  
  64  4:56  Probe  
  69  5:00  Robotics Facility  
  69  5:07  Probe  
  69  5:08  Probe  
  71  5:18  Oracle (Chrono Boost)  
  71  5:19  Probe  
  75  5:21  Pylon  
  75  5:25  Probe  
  76  5:32  Twilight Council  
  76  5:34  Stalker  
  77  5:39  Pylon  
  77  5:43  Gateway, Probe x2  
  77  5:44  Gateway  
  77  5:49  Observer  
  80  5:55  Probe x2  
  82  6:02  Probe  
  83  6:06  Blink (Chrono Boost)  
  83  6:07  Probe x2  
  83  6:08  Immortal (Chrono Boost)  
  89  6:14  Probe  
  89  6:18  Forge, Pylon, Sentry x2  
  90  6:19  Probe  
  90  6:23  Probe  
  90  6:24  Assimilator  
  96  6:26  Probe  
  96  6:28  Pylon  
  96  6:29  Shield Battery  
  96  6:31  Probe  
  96  6:32  Pylon  
  98  6:35  Probe  
  98  6:38  Probe  
  100  6:40  Immortal (Chrono Boost)  
  100  6:45  Probe  
  105  6:47  Probe  
  105  6:48  Assimilator  
  105  6:49  Observer  
  105  6:50  Pylon, Protoss Ground Weapons Level 1 (Chrono Boost)  
  106  6:59  Robotics Bay  
  106  7:00  Robotics Facility  
  106  7:03  Probe x2  
  106  7:05  Sentry  
  110  7:09  Probe  
  111  7:16  Warp Prism (Chrono Boost)  
  111  7:20  Probe x2  
  111  7:21  Probe  
  116  7:26  Gateway  
  116  7:28  Photon Cannon, Gateway  
  116  7:30  Pylon  
  116  7:44  Stalker x2, Disruptor (Chrono Boost)  
  116  7:45  Stalker x2  
  116  7:46  Disruptor (Chrono Boost)  
  130  7:54  Gateway  
  130  8:09  Stalker x4  
  130  8:10  Disruptor (Chrono Boost)  
  138  8:15  Colossus (Chrono Boost), Photon Cannon  
  138  8:18  Nexus  
  138  8:19  Pylon  
  147  8:21  Extended Thermal Lance  
  147  8:37  Probe x3  
  147  8:40  Charge  
  146  8:48  Colossus (Chrono Boost)  
  152  8:49  Probe  
  152  8:52  Pylon  
  152  8:53  Pylon  
  153  9:02  Photon Cannon, Protoss Ground Weapons Level 2  
  153  9:03  Photon Cannon  
  153  9:05  Shield Battery  
  153  9:08  Pylon  
  153  9:09  Colossus (Chrono Boost)  
  153  9:10  Probe x2  
  153  9:14  Stalker x3  
  153  9:15  Pylon  
  155  9:32  Probe x2  
  155  9:33  Probe  
  155  9:34  Probe  
  155  9:38  Stalker x3, Disruptor (Chrono Boost)  
  159  9:39  Stalker x3  
  172  9:51  Probe  
  157  10:10  Disruptor (Chrono Boost)  
  157  10:13  Disruptor (Chrono Boost)  
  133  10:23  Stalker x6  
  133  10:25  Probe x3  
  133  10:26  Probe  
  147  10:30  Assimilator  
  147  10:31  Assimilator  
  147  10:37  Probe  
  148  10:45  Disruptor x2 (Chrono Boost)  
  148  10:48  Stalker x2  
  148  10:49  Zealot x5  
  168  10:55  Probe x2  
  170  10:57  Gateway  
  170  11:00  Gateway  
  170  11:03  Gateway  
  170  11:06  Gateway  
  170  11:08  Gateway  
  170  11:09  Templar Archives  
  170  11:14  Probe x2  
  170  11:18  Photon Cannon x2  
  169  11:20  Disruptor x2 (Chrono Boost)  
  175  11:27  Zealot  
  175  11:30  Zealot x3  
  175  11:31  Zealot x2  
  179  11:47  Probe x2  
  179  11:48  Probe  
  179  11:50  Photon Cannon  
  179  11:52  Photon Cannon  
  178  11:54  Zealot x3  
  178  11:55  Zealot x4  
  186  12:04  Observer  
  186  12:06  High Templar x4  
  193  12:10  Archon x2  
  193  12:15  Zealot x5  
  195  12:17  Observer  
  159  12:51  Stalker x5  
  159  12:52  Stalker x7  
Show
View Real Time Build Order
Export as new Build Order

TheZergLord Zerg 

Build Orders: Pool First 

Get SALT Encoding   

  12  0:00  Drone  
  13  0:12  Overlord  
  13  0:17  Drone  
  14  0:31  Drone x2  
  14  0:34  Drone  
  17  0:37  Extractor  
  16  0:45  Drone  
  17  0:50  Spawning Pool  
  17  0:57  Drone  
  17  1:07  Drone  
  18  1:21  Hatchery  
  17  1:38  Zergling x4  
  17  1:39  Zergling x2  
  20  1:41  Queen  
  22  1:49  Metabolic Boost  
  22  2:07  Drone, Roach Warren  
  22  2:13  Overlord  
  23  2:30  Queen  
  23  2:33  Drone x4  
  29  2:39  Queen  
  31  2:47  Drone x2  
  33  2:51  Overlord  
  33  2:54  Drone  
  34  3:00  Drone x2  
  36  3:12  Overlord  
  36  3:13  Drone  
  36  3:14  Drone  
  38  3:22  Hatchery  
  38  3:24  Drone  
  38  3:28  Overlord  
  38  3:30  Drone  
  38  3:33  Drone  
  40  3:38  Drone x2  
  40  3:39  Drone  
  43  3:43  Drone x2  
  43  3:46  Overlord  
  43  3:48  Drone  
  46  3:49  Drone  
  46  3:54  Queen  
  49  4:00  Overlord  
  49  4:01  Overlord  
  49  4:07  Drone  
  49  4:08  Drone  
  51  4:10  Drone  
  51  4:12  Overlord  
  52  4:19  Overlord  
  52  4:20  Overlord  
  52  4:22  Drone  
  52  4:23  Drone x3  
  56  4:28  Roach Warren  
  55  4:32  Zergling x2  
  55  4:33  Zergling x2  
  55  4:35  Spore Crawler  
  55  4:37  Spore Crawler  
  55  4:41  Spore Crawler  
  55  4:45  Zergling x6  
  54  4:46  Zergling x4  
  54  4:51  Zergling x4  
  54  4:52  Zergling x2  
  61  4:57  Zergling x4  
  63  5:00  Zergling x2  
  63  5:01  Lair  
  63  5:05  Zergling x6  
  67  5:09  Drone  
  67  5:10  Drone  
  67  5:12  Extractor  
  67  5:13  Extractor  
  67  5:14  Evolution Chamber, Drone  
  66  5:24  Drone, Overlord  
  66  5:25  Drone x3  
  70  5:34  Drone x3  
  70  5:35  Drone  
  73  5:36  Drone  
  73  5:40  Zerg Missile Weapons Level 1  
  73  5:41  Overlord  
  73  5:42  Drone x3  
  77  5:47  Drone  
  80  5:52  Drone x3  
  80  5:54  Queen  
  81  6:02  Drone x2  
  81  6:03  Glial Reconstitution  
  82  6:07  Extractor  
  82  6:08  Extractor  
  82  6:09  Roach x2  
  82  6:10  Roach x4  
  91  6:14  Roach x2  
  95  6:26  Roach x2  
  95  6:29  Drone  
  95  6:30  Drone x6  
  101  6:40  Baneling Nest  
  101  6:45  Drone  
  101  6:46  Drone x3  
  101  6:47  Drone  
  105  6:49  Drone x4  
  105  6:50  Extractor  
  105  6:52  Hatchery  
  107  6:54  Overlord x2  
  107  6:55  Overseer  
  107  6:58  Roach  
  109  7:04  Roach x2  
  109  7:06  Overlord x2  
  112  7:14  Queen  
  114  7:20  Roach x3  
  114  7:21  Roach x3  
  114  7:22  Overseer  
  126  7:27  Centrifical Hooks  
  126  7:32  Zergling x2  
  126  7:33  Zergling x12  
  133  7:41  Zerg Melee Weapons Level 1  
  133  7:42  Drone  
  133  7:44  Ravager x4  
  137  7:45  Evolution Chamber, Ravager  
  137  7:53  Overlord x2  
  137  7:54  Overlord  
  137  8:06  Drone, Overlord  
  137  8:07  Drone x5  
  137  8:09  Baneling x8  
  137  8:10  Baneling x6  
  137  8:12  Ravager x2  
  145  8:13  Ravager x3  
  145  8:14  Queen  
  147  8:23  Overseer  
  147  8:24  Drone x5  
  147  8:25  Drone x3  
  155  8:28  Spore Crawler  
  152  8:51  Zergling x26  
  165  8:59  Hatchery  
  165  9:00  Baneling x3  
  165  9:01  Zerg Missile Weapons Level 2, Baneling x6  
  164  9:03  Drone  
  165  9:10  Zergling x10  
  165  9:11  Zergling x2  
  165  9:12  Ravager x4  
  165  9:13  Overlord x2  
  165  9:14  Overlord x3  
  175  9:23  Zergling x6  
  171  9:35  Baneling  
  171  9:36  Baneling x18  
  171  9:37  Baneling x2  
  171  9:38  Queen  
  170  9:39  Zergling x24  
  170  9:45  Zergling x8  
  169  10:10  Zergling x2  
  169  10:11  Zergling x18  
  147  10:18  Zergling x8  
  140  10:22  Roach  
  140  10:24  Queen  
  143  10:29  Drone, Spire  
  143  10:30  Drone x5  
  143  10:34  Drone x2  
  150  10:39  Roach x3  
  150  10:42  Drone  
  157  10:45  Baneling  
  157  10:46  Baneling x18, Hatchery  
  156  10:50  Ravager x4  
  156  10:51  Roach x4  
  156  10:52  Roach  
  156  10:55  Roach x2  
  156  10:56  Roach, Zergling x8  
  176  11:18  Drone x3, Extractor  
  176  11:19  Drone x5  
  176  11:20  Spore Crawler, Extractor, Zergling x2  
  176  11:21  Zergling x12  
  187  11:29  Drone x2  
  187  11:30  Drone, Infestation Pit  
  184  11:36  Zergling x2  
  184  11:37  Zergling x14  
  186  11:46  Zergling x10  
  183  11:58  Spine Crawler  
  183  12:00  Spine Crawler x2  
  183  12:01  Queen, Spine Crawler  
  174  12:04  Spine Crawler  
  168  12:09  Spine Crawler x2  
  168  12:10  Drone x3, Spore Crawler, Spine Crawler x2  
  168  12:11  Drone x6  
  168  12:12  Spine Crawler  
  168  12:13  Zergling x2  
  168  12:14  Zergling x20  
  179  12:16  Ravager x3  
  179  12:17  Ravager x8  
  179  12:18  Baneling  
  179  12:19  Baneling x13  
  190  12:28  Zergling x4  
  190  12:29  Zergling x16  
Tags
 
Add a new tag
Caveats
  • Supply blocks, unpowered buildings, or Contaminate may cause inaccurate times.
  • Supply counts are checked every 10 seconds.